 Dungeon Crawl Stone Soup version 0.28-a0-1395-g4f6bc678fa (webtiles) character file.

Game seed: 11636810786496009079

1083 gimp the Caller (level 8, -5/58 HPs)
             Began as a Vampire Wanderer on Jan 4, 2022.
             Was an Initiate of Gozag.
             Slain by an ogre (25 damage)
             ... on level 5 of the Dungeon.
             The game lasted 00:13:31 (4965 turns).

gimp the Caller (Vampire Wanderer)                  Turns: 4965, Time: 00:13:32

Health: -5/58      AC:  3    Str: 11    XL:     8   Next: 8%
Magic:  13/15      EV: 11    Int: 20    God:    Gozag
Gold:   376        SH:  4    Dex: 10    Spells: 14/17 levels left

rFire   . . .      SeeInvis +   a - +0 dagger (venom)
rCold   . . .      Faith    .   e - +0 buckler
rNeg    . . .      Spirit   .   r - +0 leather armour
rPois   .          Reflect  .   (no helmet)
rElec   .          Harm     .   (no cloak)
rCorr   .          Rampage  .   (no gloves)
Will    .....                   (no boots)
Stlth   +.........              (no amulet)
HPRegen 0.39/turn               (no ring)
MPRegen 0.14/turn               (no ring)

@: healing quickly
A: alive, fangs 3, see invisible, vampiric 2
a: Exsanguinate, Renounce Religion, Potion Petition, Call Merchant, Bribe Branch


You were on level 5 of the Dungeon.
You worshipped Gozag.
Gozag was aware of your devotion.
You visited 2 branches of the dungeon, and saw 6 of its levels.

You collected 491 gold pieces.
You paid 115 gold pieces to Gozag.

Inventory:

Hand Weapons
 a - a +0 dagger of venom (weapon)
 b - a +1 short sword of electrocution
Armour
 e - a +0 buckler (worn)
 r - a +0 leather armour (worn)
Wands
 p - a wand of acid (10)
Scrolls
 c - 5 scrolls of identify {unknown}
 f - a scroll of enchant armour {unknown}
 g - a scroll of fear {unknown}
 j - 2 scrolls of teleportation {unknown}
 n - a scroll of blinking {unknown}
 q - a scroll of immolation {unknown}
Potions
 d - a potion of lignification {unknown}
 h - 3 potions of heal wounds
 i - 3 potions of curing {unknown}
 k - a potion of haste {unknown}
 l - 2 potions of magic {unknown}
 m - 2 potions of invisibility {unknown}
 o - a potion of degeneration {unknown}
 s - 2 potions of might {unknown}


   Skills:
 - Level 3.0 Fighting
 - Level 1.0 Throwing
 - Level 1.0 Armour
 - Level 1.1 Dodging
 - Level 4.0 Shields
 + Level 5.1 Spellcasting
 - Level 6.1 Summonings
 - Level 1.0 Fire Magic
 - Level 1.0 Evocations


You had 14 spell levels left.
You knew the following spells:

 Your Spells              Type           Power      Damage    Failure   Level
a - Call Canine Familiar  Summ           29%        N/A       3%          3

Your spell library contained the following spells:

 Spells                   Type           Power      Damage    Failure   Level
 Summon Small Mammal      Summ           100%       N/A       1%          1
 Foxfire                  Conj/Fire      28%        2x1d5     12%         1
 Sublimation of Blood     Necr           5%         N/A       22%         2
 Wereblood                Tmut           5%         N/A       22%         2
 Conjure Flame            Conj/Fire      7%         6-21      36%         3
 Animate Armour           Summ/Erth      34%        N/A       38%         4
 Summon Ice Beast         Ice/Summ       17%        N/A       38%         4
 Frozen Ramparts          Ice            10%        1d3       41%         3
 Ice Form                 Ice/Tmut       5%         N/A       83%         4
 Summon Hydra             Summ           14%        N/A       100%        7


Dungeon Overview and Level Annotations

Branches:
Dungeon (5/15)             Temple (1/1) D:5

Altars:
Ashenzari
Cheibriados
Dithmenos
Elyvilon
Fedhas
Gozag
Hepliaklqana
Kikubaaqudgha
Makhleb
Nemelex Xobeh
Okawaru
Qazlal
Ru
Sif Muna
Trog
Uskayaw
Wu Jian
Xom
Yredelemnul
Zin
The Shining One


Innate Abilities, Weirdness & Mutations

Your natural rate of healing is accelerated.
You have razor-sharp teeth.
You have supernaturally acute eyesight. (SInv)
You are afflicted with vampirism and can become a bat while bloodless.


Message History

You block the gnoll's attack.
You closely miss the gnoll.
The gnoll is severely wounded.
You kill the gnoll!
You now have 365 gold pieces (gained 10).
Things that are here:
a +0 club; a +0 halberd You now have 371 gold pieces (gained 6).
You see here a +0 whip.
Your hound disappears in a puff of smoke!
There is a stone staircase leading down here.
You now have 376 gold pieces (gained 5).
You see here a +0 halberd.
Health restored: 58; MP restored: 15 You see here a scroll labelled JOENEM ELIRI.
An ogre is nearby!
An ogre is nearby!
c - 5 scrolls labelled JOENEM ELIRI (gained 1)
The ogre shouts!
Casting: Call Canine Familiar (dangerous; 3% risk of failure)
Confirm with . or Enter, or press ? or * to list all spells.
You now have 12/15 mp.
The ogre barely misses your hound.
Found 12 gold pieces.
Your hound bites the ogre. x2
Your hound bites the ogre.
You hit the ogre.
The ogre is poisoned.
The ogre is moderately wounded.
Your hound barely misses the ogre.
The ogre hits you with a +0 giant spiked club!!
Your hound bites the ogre.
You take 24 damage, and have 34/58 hp.
MASSIVE DAMAGE!!
You hit the ogre but do no damage.
The ogre looks as sick as possible!
The ogre is heavily wounded.
The ogre hits you with a +0 giant spiked club!
Your hound bites the ogre.
You take 14 damage, and have 20/58 hp.
MASSIVE DAMAGE!!
Your hound bites the ogre.
The ogre hits you with a +0 giant spiked club!!
You die...
Your body crumbles into a pile of gold.

.......## #...........
##...#.. .......#
##............# #...#.⌠
.....### #.............#
#...#.. ...#..##
#.............# ##..#..
#####..###..............
#..##. #
##..##..............
#..###
###..##....h........
##.###
#####..##.#....O........
##....
#......###......@....$..
##.#...
........###.............
#.##... .......##
############## #######
##....## ######


You could see an ogre (extremely poisoned, ally target) and a friendly hound
(summoned).

Vanquished Creatures
  A water moccasin (D:5)
  A black bear (D:5)
  An orc warrior (D:5)
  2 ogres
  A phantom (D:5)
  A scorpion (D:5)
  A hound (D:5)
  An orc priest (Temple)
  2 gnolls (D:5)
  A howler monkey skeleton (D:5)
  4 adders
  An adder skeleton (D:4)
  2 worms (D:3)
  4 dart slugs
  4 orcs
  4 bats
  8 endoplasms
  8 goblins
  6 hobgoblins
  3 jackals
  2 quokkas
  5 ball pythons
  2 frilled lizards (D:2)
  11 kobolds
  4 rats
80 creatures vanquished.

Vanquished Creatures (collateral kills)
  Sigmund (D:5)
  An ice beast (D:5)
  A jelly (D:5)
  2 gnolls (D:5)
5 creatures vanquished.

Vanquished Creatures (others)
  3 plants (D:4)
3 creatures vanquished.

Grand Total: 88 creatures vanquished

Notes
Turn   | Place    | Note
-------+----------+-------------------------------------------
     0 | D:1      | gimp the Vampire Wanderer began the quest for the Orb.
     0 | D:1      | gimp set off with the following items: a +0 club, a +0
                  | scale mail; and the following spells available to memorise:
                  | Summon Small Mammal, Foxfire, Call Canine Familiar, Conjure
                  | Flame, Animate Armour
     0 | D:1      | Reached XP level 1. HP: 13/13 MP: 3/3
   111 | D:1      | Reached skill level 1 in Fighting
   145 | D:1      | Reached XP level 2. HP: 18/21 MP: 5/5
   891 | D:2      | Gained mutation: You are afflicted with vampirism and can
                  | become a bat while bloodless. [Vampire growth]
   891 | D:2      | Reached XP level 3. HP: 27/27 MP: 6/6
  1434 | D:3      | Reached skill level 1 in Shields
  1434 | D:3      | Reached XP level 4. HP: 34/34 MP: 7/7
  1661 | D:3      | Learned a level 3 spell: Call Canine Familiar
  2661 | D:4      | Noticed an ogre
  2756 | D:4      | Killed an ogre
  2757 | D:4      | Reached skill level 4 in Summonings
  2757 | D:4      | Reached XP level 5. HP: 26/41 MP: 8/8
  3243 | D:5      | Entered Level 5 of the Dungeon
  3329 | D:5      | Found a staircase to the Ecumenical Temple.
  3355 | Temple   | Entered the Ecumenical Temple
  3470 | Temple   | Became a worshipper of Gozag Ym Sagoz the Greedy
  3507 | D:5      | Reached XP level 6. HP: 47/47 MP: 9/9
  3508 | D:5      | Noticed an orc warrior
  3641 | D:5      | Killed an orc warrior
  3642 | D:5      | Reached skill level 5 in Summonings
  3765 | D:5      | Noticed a water moccasin
  3786 | D:5      | Killed a water moccasin
  3787 | D:5      | Reached XP level 7. HP: 21/52 MP: 3/10
  3887 | D:5      | Reached skill level 6 in Summonings
  4004 | D:5      | Noticed Sigmund
  4012 | D:5      | Killed Sigmund
  4268 | D:5      | Found a sparkling altar of Nemelex Xobeh.
  4421 | D:5      | Found a hide-covered altar of Uskayaw.
  4428 | D:5      | Found a snail-covered altar of Cheibriados.
  4431 | D:5      | Found a basalt altar of Yredelemnul.
  4431 | D:5      | Found a broken altar of Ashenzari.
  4467 | D:5      | Found a bloodstained altar of Trog.
  4633 | D:5      | Reached XP level 8. HP: 18/58 MP: 3/15
  4808 | D:5      | Reached skill level 5 in Spellcasting
  4965 | D:5      | Slain by an ogre

Illustrated notes

Levels and vault maps discovered:
D:1:      psy_arrival_conway, layout_rooms
D:2:      layout_basic
D:3:      layout_loops_ring, kennysheep_generic_room_16
D:4:      layout_cave_pods, serial_bayou, serial_bayou_pond_d,
          serial_bayou_pond_a, serial_bayou_ford_a, serial_bayou_lake_a,
          nrook_campfire
D:5:      layout_cave_pods, nemelex_dance_club_becter,
          nicolae_overflow_hallway_of_the_gods, minmay_temple_entry_overgrown,
          uniq_sigmund
Temple:   regret_index_temple_waves

Skill      XL: |  1  2  3  4  5  6  7  8 |
---------------+-------------------------+-----
Fighting       | 1 2 3 |  3.0
Shields        | 1 2 3 4 |  4.0
Summonings     | 4 5 6 |  6.1
Spellcasting   | 4 5 |  5.1
Throwing       | |  1.0
Armour         | |  1.0
Dodging        | |  1.1
Fire Magic     | |  1.0
Evocations     | |  1.0

Action                   |  1- 3 |  4- 6 |  7- 9 || total
-------------------------+-------+-------+-------++-------
Melee: Dagger            |   156 |   177 |    57 ||   390
       Bite              |    13 |     7 |     4 ||    24
       Club              |     2 |       |       ||     2
 Cast: Call Canine Famil |       |     5 |    12 ||    17
Evoke: Wand              |       |     1 |       ||     1
  Use: Potion            |       |     1 |       ||     1
Armor: Scale mail        |    68 |       |       ||    68
       Ring mail         |    11 |    56 |       ||    67
       Leather armour    |       |     3 |     7 ||    10
Dodge: Dodged            |    86 |    61 |    28 ||   175
Block: Buckler           |    16 |    31 |    16 ||    63

Table legend: (Time is in decaauts)
 A = Elapsed time spent in this place.
 B = Non-inter-level travel time spent in this place.
 C = Inter-level travel time spent in this place.
 D = Time resting spent in this place.
 E = Time spent auto-exploring this place.
 F = Levels seen in this place.
 G = Mean time per level.
                   A        B        C        D        E       F      G
               +--------+--------+--------+--------+--------+-----+--------+
         Total |   5046 |   4820 |    226 |     74 |   3568 |   6 |  841.0 |
       Dungeon |   4806 |   4613 |    193 |      0 |   3488 |   5 |  961.2 |
        Temple |    240 |    208 |     32 |     74 |     80 |   1 |  240.0 |
               +--------+--------+--------+--------+--------+-----+--------+

Top non-repeatable levels by time:
     D:5: 1489 daAuts
     D:3: 1057 daAuts
     D:4: 1022 daAuts
     D:1: 719 daAuts
     D:2: 517 daAuts
  Temple: 240 daAuts
